[Event "Titled Tuesday Blitz July 4 Late 2023"]
[White "Weetik, Vjacheslav"]
[Black "Aggelis, Nikolaos"]
[WhiteFideId "4153472"]
[BlackFideId "4213220"]
[WhiteElo "2719"]
[BlackElo "2526"]
[Result "1-0"]
[Round "6"]
[TimeControl "180+2"]
[Date "2023.07.04"]
[WhiteClock "0:00:06"]
[BlackClock "0:00:11"]
[Board "77"]

1. d4 f5 2. g3 Nf6 3. Bg2 g6 4. Nd2 Bg7 5. e4 d6 6. exf5 gxf5 7. Ngf3 O-O 8. O-O Nc6 9. Re1 e5 10. dxe5 dxe5 11. Nc4 e4 12. Nh4 Be6 13. Ne3 f4 14. Nef5 Bxf5 15. Nxf5 f3 16. Bf1 Qxd1 17. Rxd1 Rad8 18. Bg5 Rxd1 19. Rxd1 Rd8 20. Bc4+ Kf8 21. Rxd8+ Nxd8 22. Bxf6 Bxf6 23. Bd5 Bxb2 24. Bxe4 b6 25. Bxf3 Ne6 26. h4 Nd4 27. Nxd4 Bxd4 28. Kg2 Kg7 29. Be4 c5 30. g4 h6 31. f4 Bc3 32. g5 Be1 33. Kh3 Bd2 34. Kg4 b5 35. Bc6 b4 36. Bd5 a5 37. f5 hxg5 38. hxg5 Bc3 39. f6+ Bxf6 40. gxf6+ Kxf6 41. Kf4 a4 42. Bc6 b3 43. cxb3 axb3 44. axb3 Ke6 45. Ke4 Kd6 46. Bd5 Kc7 47. Bc4 Kb6 48. Kd5 Ka5 49. Kc6 Kb4 50. Kb6 Ka3 51. Kxc5 Kb2 52. b4 Ka3 53. b5 Ka4 54. b6 Ka5 55. b7 Ka4 56. b8=Q Ka5 57. Qb5# 1-0


[Site "https://www.chess.com"]

[Event "Titled Tuesday Blitz July 4 Late 2023"]
[White "Fantastic_Power"]
[Black "Reprintsev, Alexander"]
[BlackFideId "14100541"]
[WhiteElo "2650"]
[BlackElo "2489"]
[Result "1-0"]
[Round "6"]
[TimeControl "180+2"]
[Date "2023.07.04"]
[WhiteClock "0:00:08"]
[BlackClock "0:00:17"]
[Board "78"]

1. d4 d5 2. c4 e5 3. e3 exd4 4. exd4 Nf6 5. Nc3 Nc6 6. Be2 dxc4 7. Be3 Nd5 8. Bxc4 Nxe3 9. fxe3 Qh4+ 10. g3 Qg4 11. Nf3 Bd6 12. O-O O-O 13. Qd2 Bd7 14. Rae1 Rae8 15. Be2 Bxg3 16. hxg3 Qxg3+ 17. Kh1 Re6 18. Nh2 Rh6 19. Bf3 Re8 20. Qg2 Qh4 21. Rg1 Rg6 22. Qd2 Ne7 23. Be4 Nf5 24. Rxg6 hxg6 25. Bxf5 Bxf5 26. e4 Bh3 27. Qe3 c5 28. d5 b6 29. a4 Re5 30. Rg1 Bd7 31. Qg3 Rxe4 32. Nxe4 Qxe4+ 33. Qf3 Qxa4 34. Re1 Bf5 35. d6 Kh7 36. Qg3 Be4+ 37. Kg1 Qd4+ 38. Qe3 Qxe3+ 39. Rxe3 Bc6 40. Re7 f6 41. d7 Bxd7 42. Rxd7 a5 43. Rb7 b5 44. Rxb5 g5 45. Rxc5 Kg6 46. Rxa5 f5 47. b4 g4 48. b5 Kg5 49. b6 Kh4 50. Rxf5 g3 51. b7 g6 52. Rb5 Kh3 53. Nf1 g2 54. Rb3+ 1-0


[Site "https://www.chess.com"]

[Event "Titled Tuesday Blitz July 4 Late 2023"]
[White "marik_spb"]
[Black "Di Berardino, Diego Rafael"]
[BlackFideId "2105446"]
[WhiteElo "2506"]
[BlackElo "2614"]
[Result "0-1"]
[Round "6"]
[TimeControl "180+2"]
[Date "2023.07.04"]
[WhiteClock "0:00:00"]
[BlackClock "0:00:19"]
[Board "79"]

1. d4 Nf6 2. c4 g6 3. Nc3 d5 4. cxd5 Nxd5 5. e4 Nxc3 6. bxc3 Bg7 7. Nf3 c5 8. Be3 Qa5 9. Qd2 Nc6 10. Be2 Bg4 11. e5 Rd8 12. Rd1 Bxf3 13. Bxf3 Nxe5 14. Bxb7 O-O 15. O-O Nc4 16. Qe2 Nxe3 17. Qxe3 cxd4 18. cxd4 e6 19. Qd2 Qb6 20. Rb1 Qxd4 21. Qxd4 Rxd4 22. Rfd1 Rfd8 23. Rxd4 Rxd4 24. f3 Rd2 25. a4 Bd4+ 26. Kh1 h5 27. Bc6 h4 28. h3 Ra2 29. Bb5 Kg7 30. Bc6 e5 31. Bd7 f5 32. Bc6 Kf6 33. Be8 Kg5 34. Rc1 e4 35. fxe4 fxe4 36. Re1 Bf2 37. Bf7 Rb2 38. Rd1 e3 0-1


[Site "https://www.chess.com"]

[Event "Titled Tuesday Blitz July 4 Late 2023"]
[White "Sun, Rick"]
[Black "Shapiro, Viktor"]
[WhiteFideId "30909481"]
[BlackFideId "4175700"]
[WhiteElo "2599"]
[BlackElo "2461"]
[Result "0-1"]
[Round "6"]
[TimeControl "180+2"]
[Date "2023.07.04"]
[WhiteClock "0:00:00"]
[BlackClock "0:01:13"]
[Board "80"]

1. e4 c5 2. Nf3 d6 3. d4 cxd4 4. Nxd4 Nf6 5. Nc3 a6 6. Bg5 e6 7. f3 Qc7 8. Qd2 Nbd7 9. O-O-O Be7 10. Kb1 b5 11. g4 Bb7 12. h4 b4 13. Nce2 d5 14. exd5 Bxd5 15. Nf4 h6 16. Nxd5 Nxd5 17. Bxe7 Nxe7 18. Bd3 Nc5 19. g5 Nd5 20. g6 O-O 21. gxf7+ Rxf7 22. Bg6 Rd7 23. Rhg1 Nf4 24. Qe3 Rad8 25. Rg4 e5 26. Rdg1 Rxd4 27. Bd3 R4d7 28. Bc4+ Kh8 29. b3 Rd1+ 30. Kb2 Rxg1 31. Rxg1 Qd6 32. Qf2 e4 33. a3 Qe5+ 34. Ka2 a5 35. Rg4 Rf8 36. fxe4 Nxe4 37. Qa7 Nc3+ 38. Ka1 Nb5+ 0-1


[Site "https://www.chess.com"]

[Event "Titled Tuesday Blitz July 4 Late 2023"]
[White "Vdovin, Vadim"]
[Black "Karas, Marek"]
[WhiteFideId "24107158"]
[BlackFideId "14928558"]
[WhiteElo "2584"]
[BlackElo "2454"]
[Result "1-0"]
[Round "6"]
[TimeControl "180+2"]
[Date "2023.07.04"]
[WhiteClock "0:01:46"]
[BlackClock "0:00:46"]
[Board "81"]

1. e4 c5 2. Nf3 Nc6 3. d4 cxd4 4. Nxd4 g6 5. c4 Bg7 6. Be3 Nf6 7. Nc3 d6 8. Be2 O-O 9. O-O Bd7 10. Re1 Nxd4 11. Bxd4 Bc6 12. Qc2 Nd7 13. Bxg7 Kxg7 14. Rad1 a5 15. b3 Rc8 16. Qb2 Kg8 17. Bf1 Qb6 18. h4 Qc5 19. Nd5 Rfe8 20. h5 Bxd5 21. exd5 Nf6 22. h6 Ra8 23. Rxe7 Nh5 24. Rxe8+ Rxe8 25. g4 Re5 26. gxh5 Rg5+ 27. Bg2 gxh5 28. Qf6 1-0


[Site "https://www.chess.com"]

[Event "Titled Tuesday Blitz July 4 Late 2023"]
[White "Jaskolka, Tomasz"]
[Black "Mickiewicz, Piotr"]
[WhiteFideId "1170791"]
[BlackFideId "1114891"]
[WhiteElo "2574"]
[BlackElo "2433"]
[Result "1-0"]
[Round "6"]
[TimeControl "180+2"]
[Date "2023.07.04"]
[WhiteClock "0:00:04"]
[BlackClock "0:00:00"]
[Board "82"]

1. d4 c5 2. d5 e6 3. c4 exd5 4. cxd5 d6 5. Nc3 a6 6. a4 g6 7. g3 Bg7 8. Bg2 Nf6 9. Nf3 O-O 10. O-O Nbd7 11. Bf4 Ne8 12. Re1 Rb8 13. a5 b5 14. axb6 Rxb6 15. Qc2 Qc7 16. Nd2 Rb4 17. Ra4 Nb6 18. Ra2 Nf6 19. e4 Nfd7 20. Bf1 c4 21. Na4 Re8 22. Rc1 Nxa4 23. Rxa4 Rxb2 24. Qxc4 Qb8 25. Qc7 Be5 26. Bxe5 Nxe5 27. Qxb8 Rxb8 28. f4 Ng4 29. Bxa6 Bxa6 30. Rxa6 Rb2 31. Nc4 Rxh2 32. Nxd6 Rb8 33. Rc8+ Rxc8 34. Nxc8 Re2 35. e5 Re1+ 36. Kg2 Rd1 37. d6 h5 38. Ne7+ Kg7 39. f5 Nxe5 40. fxg6 fxg6 41. Ra5 Kf6 42. Nd5+ Ke6 43. Ne3 Rd2+ 44. Kh3 Nf3 45. Ng2 Rxd6 46. Nf4+ Kf6 47. g4 Ng5+ 48. Kh4 Nf3+ 49. Kg3 1-0


[Site "https://www.chess.com"]

[Event "Titled Tuesday Blitz July 4 Late 2023"]
[White "Vlassov, Nikolai"]
[Black "Ai, Evan"]
[WhiteFideId "4103360"]
[BlackFideId "2094770"]
[WhiteElo "2572"]
[BlackElo "2431"]
[Result "0-1"]
[Round "6"]
[TimeControl "180+2"]
[Date "2023.07.04"]
[WhiteClock "0:00:08"]
[BlackClock "0:00:47"]
[Board "83"]

1. e4 e5 2. Bc4 Nf6 3. d3 Bc5 4. Nf3 d6 5. Bg5 h6 6. Bh4 g5 7. Bg3 Nc6 8. Nfd2 a6 9. h4 Rg8 10. hxg5 hxg5 11. Nc3 b5 12. Bb3 Nd4 13. Nd5 Nxb3 14. Nxb3 Nxd5 15. exd5 Bb6 16. Qh5 Bf5 17. O-O-O Qf6 18. Nd2 O-O-O 19. Ne4 Qg7 20. Qf3 Qg6 21. Rh2 g4 22. Qe2 Rh8 23. Rdh1 Rxh2 24. Rxh2 Bd7 25. Qd2 f5 26. Qg5 Qxg5+ 27. Nxg5 f4 28. Bh4 Rh8 29. g3 fxg3 30. fxg3 Be3+ 31. Kd1 Bxg5 32. Ke2 Bxh4 33. gxh4 g3 34. Rg2 Rxh4 35. Rxg3 Rh2+ 36. Kd1 Kb7 37. b4 Rh4 38. a3 a5 39. c3 axb4 40. axb4 Kb6 41. Kd2 Bf5 42. Rf3 Rf4 43. Re3 Rf2+ 44. Kc1 Bg4 45. Rg3 Bf3 46. c4 bxc4 47. dxc4 Be4 48. c5+ dxc5 49. bxc5+ Kxc5 50. Rc3+ Kxd5 51. Rxc7 Kd4 52. Kd1 Ke3 53. Ke1 Bd3 0-1


[Site "https://www.chess.com"]

[Event "Titled Tuesday Blitz July 4 Late 2023"]
[White "Lalanne, Pablo"]
[Black "Czerw, Dawid"]
[WhiteFideId "112151"]
[BlackFideId "1145746"]
[WhiteElo "2430"]
[BlackElo "2567"]
[Result "1-0"]
[Round "6"]
[TimeControl "180+2"]
[Date "2023.07.04"]
[WhiteClock "0:00:14"]
[BlackClock "0:00:01"]
[Board "84"]

1. e4 c5 2. Nf3 Nc6 3. d4 cxd4 4. Nxd4 Nf6 5. Nc3 e5 6. Ndb5 d6 7. Bg5 a6 8. Na3 b5 9. Bxf6 gxf6 10. Nd5 f5 11. c3 Bg7 12. Bd3 Be6 13. Nxb5 axb5 14. Bxb5 Bd7 15. exf5 O-O 16. Qg4 Kh8 17. O-O e4 18. Qxe4 Re8 19. Qb1 Re5 20. Bxc6 Bxc6 21. Ne3 Bh6 22. Qd3 Bxe3 23. fxe3 Qg5 24. Rf2 Qxe3 25. Qxd6 Rxf5 26. Qd4+ Qxd4 27. cxd4 Rxf2 28. Kxf2 Bd5 29. a4 Rb8 30. a5 Rxb2+ 31. Ke3 Rxg2 32. a6 Rg8 33. Ra5 Ba8 34. d5 Kg7 35. Kd4 Kf6 36. a7 Rd8 37. Ra6+ Ke7 38. Ra5 Rd7 39. Ke5 f6+ 40. Kd4 Kf7 41. h4 h5 42. Kc4 Kg6 43. Kd4 Kf5 44. d6+ Kg4 45. Kc5 f5 46. Ra4+ f4 47. Rb4 Rxa7 48. Rb8 Bf3 49. Rf8 Kg3 50. Kb6 Bb7 51. Kxa7 Bc6 52. Kb6 Bd7 53. Kc7 Bg4 54. Rg8 Kf2 55. Rxg4 hxg4 56. d7 g3 57. d8=Q g2 58. Qd4+ Kg3 59. h5 f3 60. h6 Kh2 61. Qf2 Kh1 62. Qxf3 Kh2 63. Qxg2+ Kxg2 64. h7 Kg1 65. h8=Q 1-0


[Site "https://www.chess.com"]

[Event "Titled Tuesday Blitz July 4 Late 2023"]
[White "Silva Lucena, Cristian"]
[Black "ATM622"]
[WhiteFideId "2232588"]
[WhiteElo "2412"]
[BlackElo "2560"]
[Result "0-1"]
[Round "6"]
[TimeControl "180+2"]
[Date "2023.07.04"]
[WhiteClock "0:00:43"]
[BlackClock "0:02:10"]
[Board "85"]

1. Nf3 d5 2. e3 Nf6 3. c4 e6 4. b3 b6 5. Bb2 Bb7 6. cxd5 exd5 7. d4 c5 8. dxc5 bxc5 9. Bb5+ Bc6 10. Be2 Be7 11. O-O O-O 12. Ne5 Bb7 13. Nd2 Nbd7 14. Bd3 Qc7 15. Nxd7 Nxd7 16. Qh5 h6 17. Qf5 g6 18. Qh3 Kh7 19. Nf3 Bf6 20. Bxf6 Nxf6 21. Rac1 Rac8 22. Qh4 Qe7 23. Rfd1 Kg7 24. Qg3 Nh5 25. Qh3 Rc7 26. Bb1 Nf6 27. Nh4 Bc8 28. Qg3 Nh5 29. Nxg6 Nxg3 30. Nxe7 Ne2+ 31. Kf1 Ba6 32. Nxd5 Nxc1+ 33. Ke1 Rd7 34. e4 Ne2 35. g3 Nd4 36. f4 Re8 37. Kf2 Rxd5 38. exd5 Re2+ 39. Kg1 Nf3+ 0-1


[Site "https://www.chess.com"]

[Event "Titled Tuesday Blitz July 4 Late 2023"]
[White "Ozates, Tuna"]
[Black "Omariev, Maksim"]
[WhiteFideId "6354521"]
[BlackFideId "4193423"]
[WhiteElo "2560"]
[BlackElo "2426"]
[Result "1/2-1/2"]
[Round "6"]
[TimeControl "180+2"]
[Date "2023.07.04"]
[WhiteClock "0:00:03"]
[BlackClock "0:00:02"]
[Board "86"]

1. e4 c5 2. Nf3 d6 3. d4 cxd4 4. Nxd4 Nf6 5. Nc3 a6 6. Be2 e6 7. O-O Be7 8. Be3 O-O 9. f4 Qc7 10. Kh1 b5 11. a3 Bb7 12. Bf3 Nbd7 13. Qe1 Nc5 14. Bg1 Rfd8 15. Rd1 Rac8 16. g4 d5 17. exd5 Nxd5 18. Nxd5 Bxd5 19. Bxd5 Rxd5 20. f5 Qb7 21. Nf3 Rxd1 22. Qxd1 exf5 23. gxf5 Ne4 24. Bd4 Ng5 25. Kg1 Nxf3+ 26. Rxf3 Rxc2 27. Rg3 Qc6 28. Bxg7 Bc5+ 29. Bd4+ Kf8 30. b4 Rc1 31. Bxc5+ Qxc5+ 32. bxc5 Rxd1+ 33. Kf2 Rd5 34. Rc3 Rxf5+ 35. Ke3 Ke7 36. Kd4 Kd7 37. Rh3 h5 38. Re3 f6 39. Rg3 Kc6 40. Rg6 Rf4+ 41. Ke3 Rf5 42. Ke4 Re5+ 43. Kf4 Kxc5 44. Rxf6 Rd5 45. Rxa6 Kc4 46. h4 Kb3 47. Ra8 Rc5 48. Ra5 Kb2 49. Ra6 Rc4+ 50. Kg5 Ra4 51. Rb6 Ra5 52. Kxh5 Kxa3 53. Kg6 b4 54. h5 b3 55. h6 Ra4 56. Rb5 Ra8 57. h7 b2 58. Kg7 Ka2 59. Rxb2+ Kxb2 60. h8=Q Rxh8 61. Kxh8 1/2-1/2


[Site "https://www.chess.com"]

[Event "Titled Tuesday Blitz July 4 Late 2023"]
[White "Szyszylo, Rafal"]
[Black "Sreyas Payyappat"]
[WhiteFideId "1109626"]
[BlackFideId "46674969"]
[WhiteElo "2411"]
[BlackElo "2551"]
[Result "1-0"]
[Round "6"]
[TimeControl "180+2"]
[Date "2023.07.04"]
[WhiteClock "0:00:52"]
[BlackClock "0:01:15"]
[Board "87"]

1. e4 c6 2. d4 d5 3. e5 Bf5 4. h4 Qc7 5. Nc3 h5 6. Be3 e6 7. Nf3 a6 8. Be2 c5 9. dxc5 Bxc5 10. Bxc5 Qxc5 11. Nd4 Ne7 12. O-O Nd7 13. Re1 Nxe5 14. Bxh5 N5g6 15. Bxg6 Nxg6 16. Nxf5 Nxh4 17. Nxh4 Rxh4 18. Qf3 O-O-O 19. g3 Rh3 20. Kg2 Rdh8 21. Rh1 Rxh1 22. Rxh1 Rxh1 23. Kxh1 d4 24. Ne4 Qxc2 25. Nd6+ Kc7 26. Nxf7 d3 27. Qf4+ Kb6 28. Qb4+ Kc6 29. Ne5+ Kd5 30. Nf3 b5 31. Qd4+ Kc6 32. Qxd3 Qxd3 33. Ne5+ Kd5 34. Nxd3 1-0


[Site "https://www.chess.com"]

[Event "Titled Tuesday Blitz July 4 Late 2023"]
[White "Tikhonov, Viacheslav"]
[Black "Melikhov, Evgeny V."]
[WhiteFideId "44196407"]
[BlackFideId "4122046"]
[WhiteElo "2547"]
[BlackElo "2411"]
[Result "1-0"]
[Round "6"]
[TimeControl "180+2"]
[Date "2023.07.04"]
[WhiteClock "0:01:05"]
[BlackClock "0:00:06"]
[Board "88"]

1. d4 Nf6 2. c4 e6 3. Nf3 d5 4. g3 dxc4 5. Bg2 Nc6 6. O-O Rb8 7. Be3 b5 8. Ne5 Nxe5 9. dxe5 Qxd1 10. Rxd1 Nd5 11. Bxa7 Ra8 12. Bd4 Bb7 13. Nc3 c6 14. a4 b4 15. Ne4 Be7 16. Bc5 Bxc5 17. Nxc5 Ra7 18. Rd4 c3 19. bxc3 bxc3 20. Rc4 O-O 21. Bxd5 cxd5 22. Rxc3 d4 23. Rc4 Bd5 24. Rxd4 Rb8 25. e4 Bc6 26. Rd6 Be8 27. Rad1 g5 28. Rd8 Rxd8 29. Rxd8 Kf8 30. Rb8 Ke7 31. Rb4 Ra5 32. Rc4 g4 33. Kf1 f6 34. exf6+ Kxf6 35. Ke2 Ke5 36. Ke3 h5 37. Kd3 h4 38. gxh4 Kf4 39. e5+ Kf3 40. Kc3 Kxf2 41. Kb4 Ra8 42. Rxg4 Kf3 43. Rg8 Bc6 44. Rxa8 Bxa8 45. h5 Kf4 46. h6 1-0


[Site "https://www.chess.com"]

[Event "Titled Tuesday Blitz July 4 Late 2023"]
[White "ElenGajger"]
[Black "Gasparyan, David"]
[BlackFideId "13311980"]
[WhiteElo "2374"]
[BlackElo "2539"]
[Result "1/2-1/2"]
[Round "6"]
[TimeControl "180+2"]
[Date "2023.07.04"]
[WhiteClock "0:00:13"]
[BlackClock "0:01:15"]
[Board "89"]

1. e4 c5 2. Nc3 e6 3. f4 d5 4. Bb5+ Nc6 5. exd5 exd5 6. Qe2+ Be7 7. Nf3 Nf6 8. Ne5 Qc7 9. Bxc6+ bxc6 10. d3 O-O 11. O-O Rb8 12. b3 Re8 13. Re1 Bd6 14. Bb2 h6 15. Na4 Bg4 16. Qf2 c4 17. dxc4 dxc4 18. Nxc4 Ne4 19. Qd4 f5 20. Rxe4 Rxe4 21. Qxd6 Qxd6 22. Nxd6 Rxa4 23. bxa4 Rxb2 24. h3 Bh5 25. Nxf5 Rxc2 26. Rb1 Bf7 27. Rb7 Rxa2 28. Rxa7 Be6 29. Nxg7 Bd5 30. Nf5 Rxg2+ 31. Kf1 Rb2 32. Ne7+ Kf8 33. Nxd5 cxd5 34. f5 Rb4 35. Ke2 Rf4 36. Ra6 h5 37. Rf6+ Ke7 38. Re6+ Kf7 39. Rd6 Rxf5 40. a5 Ke7 41. Rb6 d4 42. a6 Ra5 43. Kd3 Ra4 44. Rh6 Kf7 45. a7 Kg7 46. Rxh5 Rxa7 47. Kxd4 Re7 48. Re5 Ra7 49. Ke4 Kg6 50. Re6+ Kg5 51. Re5+ Kh4 52. Kd5 Rf7 53. Re6 Rf5+ 54. Re5 Rf6 55. Re6 Rf1 56. Re5 Rd1+ 57. Ke6 Rc1 58. Rd5 Rc8 59. Ke5 Ra8 60. Kd4 Re8 61. Re5 Rb8 62. Re4+ Kxh3 63. Re3+ Kg4 64. Re4+ Kf5 65. Re5+ Kf4 66. Re4+ Kf3 67. Re3+ Kf2 68. Re4 Rb5 69. Re5 Rb3 70. Rc5 Rg3 71. Rc3 Rg5 72. Kc4 Rg4+ 73. Kb3 Rd4 74. Rc4 Rd5 75. Rc3 Ke2 76. Rc2+ Kd1 77. Rc3 Rb5+ 78. Kc4 Rh5 79. Kd3 Rh3+ 80. Kc4 Rh4+ 81. Kb3 Rd4 82. Rc4 Rd2 83. Kc3 Rc2+ 84. Kd3 Re2 85. Rd4 Rd2+ 86. Kc3 Rxd4 87. Kxd4 1/2-1/2


[Site "https://www.chess.com"]

[Event "Titled Tuesday Blitz July 4 Late 2023"]
[White "rikchessmx"]
[Black "Rodriguez, Santiago"]
[BlackFideId "3000591"]
[WhiteElo "2245"]
[BlackElo "2532"]
[Result "0-1"]
[Round "6"]
[TimeControl "180+2"]
[Date "2023.07.04"]
[WhiteClock "0:00:41"]
[BlackClock "0:00:13"]
[Board "90"]

1. e4 c5 2. Nf3 Nc6 3. d4 cxd4 4. Nxd4 e5 5. Nxc6 bxc6 6. Bd3 Nf6 7. O-O Bc5 8. Qf3 d6 9. Bg5 Be6 10. c4 Rb8 11. Qe2 h6 12. Be3 Bxe3 13. fxe3 Qb6 14. b3 a5 15. Nc3 Qc5 16. h3 Qb4 17. Rac1 Qa3 18. Bb1 h5 19. Rcd1 Rh6 20. Qd2 Ke7 21. Na4 Qb4 22. Qd3 Rd8 23. Kh2 Rg6 24. Rf2 Qb8 25. Rfd2 Rd7 26. c5 d5 27. exd5 e4+ 28. d6+ Kf8 29. Qc3 Nd5 30. Qe5 Nxe3 31. Re1 Qb4 32. Rde2 Nxg2 33. Bxe4 Nxe1 34. Bxg6 Nf3+ 0-1


[Site "https://www.chess.com"]

[Event "Titled Tuesday Blitz July 4 Late 2023"]
[White "benny_aizenberg"]
[Black "Djabri, Massinas"]
[BlackFideId "7905726"]
[WhiteElo "2660"]
[BlackElo "2364"]
[Result "0-1"]
[Round "6"]
[TimeControl "180+2"]
[Date "2023.07.04"]
[WhiteClock "0:00:03"]
[BlackClock "0:00:18"]
[Board "91"]

1. Nf3 Nf6 2. g3 g6 3. Bg2 Bg7 4. O-O O-O 5. d4 d5 6. c4 dxc4 7. Qc2 a6 8. a4 Nc6 9. Rd1 Na5 10. Ne5 Bf5 11. e4 Bg4 12. f3 Bd7 13. Nxc4 Nxc4 14. Qxc4 b5 15. axb5 axb5 16. Rxa8 Qxa8 17. Qxc7 Rc8 18. Qf4 b4 19. Nd2 Rc2 20. Qe3 Ne8 21. Qd3 Ba4 22. Re1 Qc6 23. d5 Qc5+ 24. Kh1 Rxc1 25. Qf1 Rxe1 26. Qxe1 Bxb2 27. f4 Qc1 28. Qxc1 Bxc1 29. Nc4 b3 30. e5 b2 31. Be4 Bb3 32. Na3 Be3 33. Kg2 Bc5 34. Nb1 Nc7 35. d6 exd6 36. exd6 Bxd6 37. Kf2 Nb5 38. Ke3 Na3 39. Nd2 Ba2 40. Kd4 b1=Q 41. Nxb1 Nxb1 42. f5 Bf8 43. fxg6 hxg6 44. h4 Nd2 45. Bc2 Be6 46. Ke3 Nc4+ 47. Kf4 Bd6+ 48. Kf3 Kg7 49. Bd1 Ne5+ 50. Kg2 Bd5+ 51. Kh3 Bf3 52. Bc2 Bg4+ 53. Kg2 Nc6 54. Be4 Nd4 55. Kf2 Nf5 56. Kg2 Bxg3 57. h5 Bxh5 58. Kh3 Bc7 59. Bc2 Nd6 60. Bd3 f5 61. Bf1 Bg4+ 62. Kh4 Ne4 63. Bh3 Bd8# 0-1


[Site "https://www.chess.com"]

[Event "Titled Tuesday Blitz July 4 Late 2023"]
[White "Prydun, Andriy"]
[Black "Janaszak, Dawid"]
[WhiteFideId "14145898"]
[BlackFideId "1119206"]
[WhiteElo "2398"]
[BlackElo "2583"]
[Result "0-1"]
[Round "6"]
[TimeControl "180+2"]
[Date "2023.07.04"]
[WhiteClock "0:00:00"]
[BlackClock "0:00:53"]
[Board "92"]

1. e4 c5 2. Nf3 Nc6 3. Bb5 e5 4. c3 Nge7 5. d4 cxd4 6. O-O g6 7. cxd4 exd4 8. Nxd4 Bg7 9. Nb3 d5 10. exd5 Qxd5 11. Qxd5 Nxd5 12. Re1+ Kf8 13. Nc5 Bf5 14. Nxb7 Nd4 15. Na3 Nb4 16. Bf4 Nbc2 17. Bd6+ Kg8 18. Nxc2 Nxc2 19. Rac1 Nxe1 20. Rxe1 Bxb2 21. h3 Kg7 22. g4 Be6 23. a4 a6 24. Bf1 h5 25. Nc5 hxg4 26. Nxe6+ fxe6 27. Rxe6 gxh3 28. Bd3 Bf6 29. Kh2 Rad8 30. Bxa6 Rxd6 0-1


[Site "https://www.chess.com"]

[Event "Titled Tuesday Blitz July 4 Late 2023"]
[White "Gabdushev, Ruslan"]
[Black "Pinheiro, Iung Alicio de O."]
[WhiteFideId "4137833"]
[BlackFideId "2104350"]
[WhiteElo "2389"]
[BlackElo "2582"]
[Result "1-0"]
[Round "6"]
[TimeControl "180+2"]
[Date "2023.07.04"]
[WhiteClock "0:00:23"]
[BlackClock "0:00:00"]
[Board "93"]

1. b3 d5 2. Bb2 Bg4 3. f3 Bf5 4. e3 e6 5. Bd3 Bg6 6. Nh3 Nf6 7. O-O Bd6 8. f4 Nc6 9. Nc3 a6 10. Ne2 Nb4 11. Bxg6 hxg6 12. Ng5 Nc6 13. c4 Ne7 14. cxd5 exd5 15. Nd4 Qd7 16. Ndf3 Nf5 17. Ne5 Bxe5 18. Bxe5 Ne4 19. Nxe4 dxe4 20. Qc2 f6 21. Bb2 Qe7 22. a4 O-O-O 23. Rac1 Kb8 24. Bc3 Rd3 25. b4 b6 26. Rf2 Qd7 27. Qb3 Qd5 28. Qb2 Nd6 29. h3 Nc4 30. Qa2 Kb7 31. Bd4 Nxe3 32. dxe3 Qxa2 33. Rxa2 Rh5 34. Rac2 c5 35. bxc5 bxc5 36. Rxc5 Rxc5 37. Rxc5 Ra3 38. a5 Ra2 39. Kh2 Re2 40. Rd5 Kc6 41. Rd8 g5 42. fxg5 fxg5 43. Rg8 Kb5 44. Bb6 g4 45. hxg4 Rc2 46. Rxg7 1-0


[Site "https://www.chess.com"]

[Event "Titled Tuesday Blitz July 4 Late 2023"]
[White "Grinev, Valeriy"]
[Black "Duarte, Leonardo"]
[WhiteFideId "14117517"]
[BlackFideId "110582"]
[WhiteElo "2579"]
[BlackElo "2387"]
[Result "1-0"]
[Round "6"]
[TimeControl "180+2"]
[Date "2023.07.04"]
[WhiteClock "0:01:07"]
[BlackClock "0:00:00"]
[Board "94"]

1. e4 e5 2. Nc3 Nc6 3. Nf3 Nf6 4. d3 d5 5. exd5 Nxd5 6. Bd2 Be7 7. g3 h5 8. h4 Bg4 9. Bg2 Nd4 10. O-O c6 11. Nxd5 cxd5 12. Re1 e4 13. dxe4 dxe4 14. Rxe4 Nxf3+ 15. Bxf3 Bxf3 16. Qxf3 Qxd2 17. Rae1 O-O 18. Rxe7 Rac8 19. R1e2 Qd1+ 20. Kg2 Rxc2 21. Rxc2 Qxc2 22. Rxb7 a5 23. Qxh5 a4 24. Qf3 Qc4 25. b3 axb3 26. axb3 Qe6 27. b4 Rc8 28. Ra7 Rc1 29. Ra8+ Kh7 30. Qh5+ Qh6 31. Qxh6+ Kxh6 32. b5 Rb1 33. Rb8 g5 34. hxg5+ Kxg5 35. b6 Kg6 36. b7 Kg7 37. g4 Rb5 38. Kg3 Rb4 39. f3 Kh7 40. f4 Kg7 41. f5 Kf6 42. Kh4 Rb1 43. Kg3 1-0


[Site "https://www.chess.com"]

[Event "Titled Tuesday Blitz July 4 Late 2023"]
[White "Prieto Aranguren, Alain"]
[Black "Estrada Nieto, Julian"]
[WhiteFideId "2268906"]
[BlackFideId "5101018"]
[WhiteElo "2383"]
[BlackElo "2542"]
[Result "0-1"]
[Round "6"]
[TimeControl "180+2"]
[Date "2023.07.04"]
[WhiteClock "0:00:42"]
[BlackClock "0:00:25"]
[Board "95"]

1. d4 d5 2. c4 dxc4 3. e3 Nf6 4. Bxc4 e6 5. Nf3 c5 6. O-O a6 7. dxc5 Bxc5 8. Qxd8+ Kxd8 9. Be2 Nc6 10. Nbd2 Ke7 11. b3 Bd7 12. Bb2 Rhc8 13. Nc4 Be8 14. Rac1 b5 15. Nce5 Nxe5 16. Nxe5 Bd6 17. Bf3 Rab8 18. Nc6+ Bxc6 19. Bxc6 Rc7 20. Bf3 Rbc8 21. Rxc7+ Rxc7 22. Rc1 Rxc1+ 23. Bxc1 Kd7 24. Kf1 Kc7 25. Ke2 Be5 26. Kd3 Nd7 27. Ba3 h5 28. Bb4 g6 29. Ba5+ Kd6 30. Bb4+ Kc7 31. h3 Bd6 32. Bxd6+ Kxd6 33. b4 Ne5+ 34. Kd4 Nxf3+ 35. gxf3 e5+ 36. Kd3 f5 37. e4 f4 38. Ke2 Ke6 39. Kf1 Kf6 40. Kg2 Kg5 41. Kh2 Kh4 42. Kg2 g5 43. Kh2 g4 44. hxg4 hxg4 45. Kg2 gxf3+ 46. Kxf3 Kh3 47. a3 Kh2 48. Kg4 Kg2 49. Kf5 Kxf2 50. Kxe5 f3 51. Kd4 Kg2 52. e5 f2 53. Kc5 f1=Q 54. Kb6 Qf5 55. Kxa6 Qxe5 56. Ka5 Qd5 57. a4 bxa4+ 58. Kxa4 Qb7 0-1


[Site "https://www.chess.com"]

[Event "Titled Tuesday Blitz July 4 Late 2023"]
[White "financieru"]
[Black "Petesch, Gabriel"]
[BlackFideId "2032465"]
[WhiteElo "2382"]
[BlackElo "2538"]
[Result "1-0"]
[Round "6"]
[TimeControl "180+2"]
[Date "2023.07.04"]
[WhiteClock "0:00:15"]
[BlackClock "0:00:00"]
[Board "96"]

1. d4 d5 2. c4 e6 3. Nf3 Nf6 4. Nc3 Nbd7 5. cxd5 Nxd5 6. e4 Nxc3 7. bxc3 c5 8. Be2 Be7 9. O-O O-O 10. Rb1 b6 11. d5 e5 12. c4 Bd6 13. Ne1 f5 14. exf5 Rxf5 15. Bg4 Rf8 16. Be6+ Kh8 17. Nf3 Nf6 18. Ng5 Qc7 19. Bxc8 Rfxc8 20. Ne6 Qf7 21. f4 Re8 22. f5 Rab8 23. a4 a6 24. Rb3 b5 25. axb5 axb5 26. cxb5 c4 27. Rg3 Rg8 28. Qa4 Ne4 29. Rh3 Rgc8 30. Kh1 Nf6 31. Ba3 Ra8 32. Qxa8 Rxa8 33. Bxd6 Ng4 34. Rg3 Nf2+ 35. Kg1 Ne4 36. Rxg7 Qf6 37. b6 Nxd6 38. b7 Rb8 39. Rd7 Nxb7 40. Rb1 c3 41. Rbxb7 Rxb7 42. Rxb7 h5 43. Rb8+ Kh7 44. Rb7+ Kh6 45. Rc7 e4 46. d6 Qe5 47. d7 Qd6 48. d8=Q 1-0


[Site "https://www.chess.com"]

[Event "Titled Tuesday Blitz July 4 Late 2023"]
[White "Romero Arzuaga, Yudel"]
[Black "Besedes, Danilo"]
[WhiteFideId "3521010"]
[BlackFideId "946796"]
[WhiteElo "2367"]
[BlackElo "2534"]
[Result "1-0"]
[Round "6"]
[TimeControl "180+2"]
[Date "2023.07.04"]
[WhiteClock "0:00:06"]
[BlackClock "0:00:00"]
[Board "97"]

1. d4 d6 2. Nf3 Nf6 3. Bf4 Bd7 4. e3 g6 5. h3 Bg7 6. Be2 O-O 7. O-O Bc6 8. Nbd2 Nbd7 9. c3 Re8 10. Bh2 e5 11. dxe5 dxe5 12. Nc4 Bxf3 13. Bxf3 Qc8 14. Qc2 e4 15. Be2 a5 16. a4 Nc5 17. Rfd1 Rd8 18. Rxd8+ Qxd8 19. Rd1 Qe7 20. Na3 Rd8 21. Rd4 Ne8 22. Rxd8 Qxd8 23. b4 axb4 24. cxb4 Nd3 25. Bg3 c6 26. b5 cxb5 27. Nxb5 h5 28. f3 h4 29. Bh2 Qa5 30. Bxd3 exd3 31. Qxd3 Qe1+ 32. Qf1 Qxe3+ 33. Kh1 Nf6 34. Qc4 Qe1+ 35. Bg1 Nh5 36. Nd6 Ng3+ 37. Kh2 Qe7 38. Ne4 Nf5 39. Kh1 Be5 40. Bf2 Qd7 41. Qc1 Qxa4 42. f4 Bg7 43. Ng5 Qb3 44. Qc8+ Bf8 45. Bc5 Ng3+ 46. Kh2 Nf1+ 47. Kh1 Ng3+ 48. Kh2 Nf1+ 49. Kg1 1-0


[Site "https://www.chess.com"]